 Dungeon Crawl Stone Soup version 0.17-a0-1583-g2df49ec (webtiles) character file.

12623 Numknucks the Fighter (level 11, -3/107 HPs)
             Began as a Minotaur Wanderer on July 28, 2015.
             Was a Believer of Sif Muna.
             Slain by Maud
             ... wielding a +0 scimitar
              (17 damage)
             ... on level 11 of the Dungeon on July 29, 2015.
             The game lasted 01:58:58 (19186 turns).

Numknucks the Fighter (Minotaur Wanderer)          Turns: 19186, Time: 01:58:58

Health: -3/107     AC: 11    Str: 19    XL:     11   Next: 64%
Magic:  14/14      EV: 15    Int: 11    God:    Sif Muna [**....]
Gold:   450        SH:  0    Dex: 14    Spells: 3 memorised, 12 levels left

rFire  . . .     SeeInvis .     a - +7 dagger "Siwkem" {freeze, rN+ Str+5}
rCold  . . .     Clarity  .     S - +2 leather armour {MR+}
rNeg   + + .     SustAt   .     (no shield)
rPois  .         Gourm    .     U - +2 hat
rElec  .         Spirit   .     (no cloak)
rCorr  .         Warding  .     V - +2 pair of gloves
rMut   .         Stasis   .     (no boots)
MR     ++...                    (no amulet)
Stlth  ++........               k - ring of protection from magic
                                z - ring of positive energy

@: very resistant to hostile enchantments, unstealthy
A: retaliatory headbutt, horns 2
a: Channel Energy, Forget Spell, Renounce Religion


You were on level 11 of the Dungeon.
You worshipped Sif Muna.
Sif Muna was pleased with you.
You were not hungry.

You visited 2 branches of the dungeon, and saw 12 of its levels.

You collected 450 gold pieces.

Inventory:

Hand weapons
 a - the +7 dagger "Siwkem" (weapon) {freeze, rN+ Str+5}
   (You found it on level 7 of the Dungeon)

   It has been specially enchanted to freeze those struck by it, causing extra
   injury to most foes and up to half again as much damage against particularly
   susceptible opponents.
   It can also slow down cold-blooded creatures.
   It affects your strength (+5).
   It protects you from negative energy.
 b - a +2 halberd of protection
 c - a +1 dagger of holy wrath
 d - a +0 whip of distortion
 e - a +3 war axe of freezing
 f - a +0 dagger
 g - a +0 club
 i - a +0 club
 j - a +0 mace
 o - a +0 dagger
 r - a +0 morningstar
 t - a cursed +0 spear
 v - a +1 dagger of holy wrath
 w - a +0 hand axe
 x - a +0 long sword
 y - a +0 short sword
 J - a +0 giant spiked club
 O - a +0 hand crossbow
 P - a +0 quarterstaff
Missiles
 s - 11 poisoned needles
 u - 2 tomahawks
 A - 6 throwing nets (quivered)
Armour
 p - a +0 robe
 B - a +0 chain mail
 C - a +0 leather armour
 E - a +0 leather armour
 F - a +0 ring mail
 G - a +0 robe
 S - a +2 leather armour of magic resistance (worn)
 U - a +2 hat (worn)
 V - a +2 pair of gloves (worn)
Jewellery
 k - a ring of protection from magic (right hand)
 n - an uncursed amulet of stasis
 q - an uncursed ring of magical power
 z - a ring of positive energy (left hand)
Magical devices
 l - a wand of cold (4)
 D - a wand of digging (12)
Scrolls
 m - 3 scrolls of teleportation
Potions
 H - a potion of heal wounds
 N - 5 potions of curing
Miscellaneous
 K - a lamp of fire
 M - a fan of gales
Comestibles
 h - 5 meat rations
 I - a chunk of flesh
 L - 6 mutagenic chunks of flesh


   Skills:
 * Level 13.4 Fighting
 - Level 5.1(6.0) Short Blades
 - Level 5.1(6.3) Long Blades
 - Level 5.1 Polearms
   Level 0.4 Bows
 - Level 6.3 Armour
 - Level 6.0 Dodging
 - Level 1.5 Stealth
 - Level 5.1 Unarmed Combat
 - Level 3.0 Spellcasting
 - Level 4.0 Conjurations
   Level 1.3 Ice Magic
 - Level 4.0 Poison Magic
 - Level 1.0 Evocations


You had 12 spell levels left.
You knew the following spells:

 Your Spells              Type           Power        Failure   Level  Hunger
a - Magic Dart            Conj           ##..         8%          1    #......
d - Sting                 Conj/Pois      ##..         8%          1    #......
v - Searing Ray           Conj           ##....       12%         2    ###....


Dungeon Overview and Level Annotations

Branches:
Dungeon (11/15)            Temple (1/1) D:4            Lair (0/8) D:9
    Orc: D:9-12

Altars:
Ashenzari
Cheibriados
Dithmenos
Elyvilon
Fedhas
Gozag
Kikubaaqudgha
Makhleb
Nemelex Xobeh
Okawaru
Qazlal
Ru
Sif Muna
Trog
Vehumet
Xom
Yredelemnul
Zin
The Shining One

Annotations:
D:11 Maud


Innate Abilities, Weirdness & Mutations

You reflexively headbutt those who attack you in melee.
You have a pair of horns on your head.


Message History

Maud is heavily wounded.
Maud hits you with a scimitar!!
* * * LOW HITPOINT WARNING * * *
Maud hits you with a scimitar!
* * * LOW HITPOINT WARNING * * *
Unknown command.
Drink which item? (? for menu, Esc to quit)
Okay, then.
Unknown command.
Read which item? (? for menu, Esc to quit)
Okay, then.
Unknown command.
Evoke which item? (* to show all) (? for menu, Esc to quit)
Zapping:
l - a wand of cold (5)
Press: ? - help, Shift-Dir - straight line, f - Maud
Aim: Maud, wielding a scimitar and wearing a plate armour (heavily wounded, fast)
The bolt of cold hits Maud.
Maud is heavily wounded.
This wand has 4 charges left.
Maud hits you with a scimitar!
You die...

..............##
.............##
............##
#.............#..##
#...?.##..####..##
......#### #...##
......# #....#
......# ###..#
......# ##@# .....#
#@# ...<# #.#
.#...# #.# .###.%#
#.# ## #..# #.# #
#..# #.. . #..# ...
.# #... ###


You could see Maud.

Vanquished Creatures
  Harold (D:10)
  The ghost of flyleaff the Thaumaturge, a powerful KoFE of Sif Muna (D:9)
  The ghost of mrpyro the Martial Artist, an experienced OpTm (D:7)
  A hill giant (D:10)
  3 centaur zombies
  The ghost of gribnar the Skirmisher, an experienced HOFi (D:5)
  A fire drake (D:9)
  The ghost of gribnar the Skirmisher, an average HOFi of Beogh (D:3)
  Grinder (D:6)
  2 two-headed ogres (D:8)
  A deep elf mage (D:9)
  A wyvern (D:10)
  10 yaks (D:10)
  2 hippogriffs
  3 hungry ghosts
  Menkaure (D:7)
  2 sky beasts
  4 orc warriors
  5 ice beasts
  A phantom (D:8)
  4 necrophages
  8 ogres
  5 centaurs
  9 giant frogs
  4 scorpions
  6 killer bees
  10 wights
  2 giant frog zombies
  2 crimson imps (D:3)
  A jelly (D:10)
  A gnoll shaman (D:3)
  An orc priest (D:9)
  2 giant frog skeletons
  2 iguanas
  3 centaur skeletons
  6 hounds
  9 worker ants
  8 orc wizards
  2 hound skeletons
  4 worker ant zombies (D:9)
  46 gnolls
  7 shadow imps
  7 adders
  An adder zombie (D:5)
  An ooze (D:1)
  6 worms
  5 giant geckos
  27 orcs
  A bat skeleton (D:7)
  4 giant cockroaches
  11 goblins
  11 hobgoblins
  22 jackals
  18 kobolds
  5 quokkas
  2 ball pythons (D:3)
  32 bats
  2 giant gecko skeletons
  A giant gecko zombie (D:8)
  2 giant newts
  A jackal skeleton (D:7)
  12 rats
  19 plants
375 creatures vanquished.

Vanquished Creatures (others)
  A giant frog zombie (D:10)
1 creature vanquished.

Grand Total: 376 creatures vanquished

Notes
Turn   | Place    | Note
--------------------------------------------------------------
     0 | D:1      | Numknucks the Minotaur Wanderer began the quest for the Orb.
     0 | D:1      | Numknucks set off with: a book of Conjurations, Sif Muna's Tome of Toxins, a potion of curing, a +0 robe, a +0 club, a +0 dagger, a bread ration
     0 | D:1      | Reached XP level 1. HP: 14/14 MP: 1/1
     0 | D:1      | Identified Sif Muna's Tome of Toxins
     2 | D:1      | Learned a level 1 spell: Magic Dart
     4 | D:1      | Learned a level 1 spell: Sting
   250 | D:1      | Reached skill level 1 in Fighting
   297 | D:1      | Reached XP level 2. HP: 10/23 MP: 2/2
   715 | D:1      | Reached skill level 2 in Fighting
  1343 | D:2      | Reached XP level 3. HP: 29/29 MP: 3/3
  1527 | D:2      | Reached skill level 3 in Fighting
  1927 | D:1      | Reached XP level 4. HP: 23/40 MP: 4/4
  2071 | D:2      | Reached skill level 4 in Fighting
  3168 | D:3      | Reached skill level 5 in Fighting
  3366 | D:3      | Reached XP level 5. HP: 46/48 MP: 5/5
  3507 | D:3      | Reached skill level 1 in Armour
  3598 | D:3      | Noticed gribnar's ghost (average HOFi)
  4758 | D:3      | Killed gribnar's ghost
  4758 | D:3      | Reached skill level 6 in Armour
  4758 | D:3      | Reached XP level 6. HP: 31/56 MP: 6/6
  4976 | D:3      | Reached skill level 1 in Polearms
  4976 | D:3      | Reached XP level 7. HP: 44/61 MP: 7/7
  5135 | D:3      | hark, mortal! To enter the castle you must play the right tune!
  5378 | D:3      | Noticed an ogre
  5395 | D:3      | Killed an ogre
  5395 | D:3      | Reached skill level 5 in Polearms
  5409 | D:3      | Reached skill level 1 in Unarmed Combat
  5642 | D:3      | Found a shimmering altar of Xom.
  5892 | D:4      | Reached XP level 8. HP: 68/68 MP: 8/8
  6148 | D:4      | Found a staircase to the Ecumenical Temple.
  6665 | D:4      | Reached skill level 5 in Unarmed Combat
  6885 | Temple   | Entered the Ecumenical Temple
  7077 | D:5      | Entered Level 5 of the Dungeon
  7152 | D:5      | Found a burning altar of Makhleb.
  7152 | D:5      | Found a snail-covered altar of Cheibriados.
  7153 | D:5      | Found a bloodstained altar of Trog.
  8373 | D:5      | Noticed gribnar's ghost (experienced HOFi)
  8391 | D:5      | Killed gribnar's ghost
  8465 | Temple   | Became a worshipper of Sif Muna the Loreminder
  8947 | D:6      | Reached XP level 9. HP: 70/74 MP: 11/11
  9119 | D:6      | Found a white marble altar of Elyvilon.
  9217 | D:6      | Noticed Grinder
  9232 | D:6      | Killed Grinder
  9403 | D:7      | Reached skill level 1 in Poison Magic
  9412 | D:7      | Acquired Sif Muna's first power
  9637 | D:7      | Noticed Menkaure
  9643 | D:7      | Killed Menkaure
  9868 | D:7      | Got an ancient dagger
  9869 | D:7      | Identified the +7 dagger "Siwkem" {freeze, rN+ Str+5} (You found it on level 7 of the Dungeon)
 10176 | D:7      | Reached skill level 1 in Short Blades
 10266 | D:7      | Noticed mrpyro's ghost (experienced OpTm)
 10291 | D:7      | Killed mrpyro's ghost
 10291 | D:7      | Reached skill level 5 in Short Blades
 11518 | D:7      | Reached XP level 10. HP: 71/81 MP: 13/13
 11524 | D:7      | Acquired Sif Muna's second power
 11895 | D:8      | Found a sacrificial altar of Ru.
 12702 | D:8      | Found a blossoming altar of Fedhas.
 13188 | D:9      | Found a staircase to the Lair.
 13223 | D:9      | Reached skill level 7 in Fighting
 13539 | D:9      | Noticed flyleaff's ghost (powerful KoFE)
 13619 | D:10     | Entered Level 10 of the Dungeon
 13639 | D:10     | Reached skill level 8 in Fighting
 13672 | D:10     | DUH
 13956 | D:10     | Noticed Harold
 14012 | D:10     | Killed Harold
 14012 | D:10     | Reached skill level 9 in Fighting
 14012 | D:10     | Reached skill level 5 in Long Blades
 14301 | D:10     | Reached XP level 11. HP: 33/99 MP: 14/14
 14311 | D:10     | Reached skill level 10 in Fighting
 14613 | D:10     | Noticed a hill giant
 14627 | D:10     | Killed a hill giant
 14892 | D:10     | Reached skill level 11 in Fighting
 15712 | D:8      | Found a glowing silver altar of Zin.
 17089 | D:8      | Reached skill level 12 in Fighting
 17466 | D:9      | Killed flyleaff's ghost
 17740 | D:9      | Found a basalt altar of Yredelemnul.
 18317 | Temple   | Learned a level 2 spell: Searing Ray
 18625 | D:10     | Reached skill level 13 in Fighting
 19165 | D:11     | Noticed Maud
 19186 | D:11     | Slain by Maud

Vault maps used:
D:1:      minmay_arrival_wavy_path, kennysheep_crisscross, serial_park_tiny_1,
          item_on_display_b
D:2:      first_bread, st_stairs_2, corexii_leaking_fountain,
          hangedman_decor_points, hangedman_decor_push
D:3:      lemuel_castle_with_subvaults, led_xom_imps
D:4:      temple_fountains
D:5:      grunt_temple_overflow_open
D:6:      elyvilon_altar_5, kennysheep_big_empty_room, minmay_misc_feat_tower,
          uniq_grinder
D:7:      uniq_menkaure
D:8:      lemuel_upstairs_altar, old_standard_altar, hangedman_tree_tricks,
          kennysheep_kite_vault
D:9:      overflow_temple_1_default, minmay_lair_entry_lava, serial_undead,
          serial_undead_f, serial_undead_e, serial_undead_e, serial_undead_f,
          serial_undead_e, minmay_crystal_room
D:10:     serial_bayou_crossing, uniq_harold
D:11:     hiddenorc1_lemuel, serial_park_tiny_pond,
          nemelex_xobeh_ov_fountains_minmay, uniq_erica, uniq_maurice,
          uniq_erolcha, uniq_maud
Temple:   water_room_temple_b_12

Action                   |  1- 3 |  4- 6 |  7- 9 | 10-12 || total
-------------------------+-------+-------+-------+-------++-------
Melee: Club              |   131 |    75 |       |       ||   206
       Spear             |       |   164 |       |       ||   164
       Flail             |       |    50 |       |       ||    50
       Halberd           |       |    42 |   308 |       ||   350
       Dagger            |       |       |    92 |   778 ||   870
       Unarmed           |       |       |       |   122 ||   122
 Cast: Sting             |       |       |     1 |     3 ||     4
       Magic Dart        |       |       |       |    28 ||    28
Evoke: Wand              |       |       |       |     2 ||     2
  Use: Potion            |     2 |       |       |     2 ||     4
       Scroll            |     5 |     3 |    11 |     4 ||    23
 Stab: Sleeping          |       |       |     1 |       ||     1
  Eat: Chunk             |     3 |    11 |    11 |    14 ||    39
       Bread ration      |       |       |     2 |     2 ||     4
       Fruit             |       |       |     1 |       ||     1
       Meat ration       |       |       |       |     1 ||     1
